 Dungeon Crawl Stone Soup version 0.30.1-4-g462c640d31 (webtiles) character file.

Game seed: 6078528886407971124

12745 Amplified the Carver (level 11, -5/87 HPs)
             Began as a Demonspawn Delver on Sept 10, 2023.
             Was a Priest of Sif Muna.
             Slain by a skeletal warrior
             ... wielding a +0 war axe
              (14 damage)
             ... on level 13 of the Dungeon on Sept 12, 2023.
             The game lasted 00:24:15 (14411 turns).

Amplified the Carver (Demonspawn Delver)           Turns: 14411, Time: 00:24:16

Health: -5/87      AC: 13    Str: 18    XL:     11   Next: 66%
Magic:  18/18      EV: 11    Int: 13    God:    Sif Muna [***...]
Gold:   568        SH:  0    Dex: 14    Spells: 8/16 levels left

rFire   . . .        e - +3 double sword (venom)
rCold   + . .        (no shield)
rNeg    . . .        m - +4 ring mail
rPois   .            (helmet restricted)
rElec   .            (no cloak)
rCorr   .            (no gloves)
SInv    .            (boots unavailable)
Will    +....        j - amulet of faith
Stlth   ++           y - ring of protection from cold
HPRegen 0.34/turn    G - ring of willpower
MPRegen 0.16/turn

%: faith
@: mighty
A: hooves 3, thin metallic scales 2, demonic guardian 1, powered by pain 2,
antennae 1, strong 1, MP-powered wands
a: Renounce Religion, Channel Magic, Forget Spell


You were on level 13 of the Dungeon.
You worshipped Sif Muna.
Sif Muna was most pleased with you.
You visited 2 branches of the dungeon, and saw 14 of its levels.

You collected 568 gold pieces.

Inventory:

Hand Weapons
 a - a +0 falchion
 d - a +1 double sword of flaming
 e - a +3 double sword of venom (weapon)
 f - a +1 antimagic short sword
 q - a +1 short sword of speed
 K - the +3 rapier of Hafuaghu {flame, rF- Str+5 Int+8}
   (You found it on level 12 of the Dungeon)

   Str:       It affects your strength (+5).
   Int:       It affects your intelligence (+8).
   rF:        It makes you vulnerable to fire.
Missiles
 k - 37 poisoned darts
 t - 2 curare-tipped darts (quivered)
Armour
 m - a +4 ring mail (worn)
 p - +0 swamp dragon scales
 r - a +0 kite shield
 I - a +0 cloak
 J - a +0 pair of boots
Jewellery
 j - an amulet of faith (around neck)
 u - a ring of positive energy
 w - an amulet of the acrobat
 y - a ring of protection from cold (left hand)
 C - a ring of poison resistance
 D - an amulet of magic regeneration
 F - an amulet of regeneration
 G - a ring of willpower (right hand)
Wands
 g - a wand of digging (3)
 H - a wand of quicksilver (2)
Scrolls
 b - a scroll of teleportation
 c - a scroll of fog
 s - a scroll of noise
 L - 2 scrolls of identify
Potions
 h - a potion of attraction
 i - 3 potions of magic
 l - a potion of brilliance
 n - 2 potions of might
 o - 2 potions of mutation
 x - 3 potions of cancellation
 z - 6 potions of flight
 A - a potion of resistance
 B - a potion of lignification
 E - 6 potions of curing
Miscellaneous
 M - a condenser vane


   Skills:
 + Level 8.7 Fighting
 * Level 10.2 Long Blades
 + Level 7.3 Armour
 - Level 1.7 Dodging
 - Level 4.5 Stealth
 * Level 3.3 Spellcasting
 - Level 5.3 Ice Magic
 * Level 9.9 Invocations


You had 8 spell levels left.
You knew the following spells:

 Your Spells              Type           Power      Damage    Failure   Level
a - Frozen Ramparts       Ice            32%        1d5       12%         3
b - Agony                 Necr           2%         N/A       100%        5

Your spell library contained the following spells:

 Spells                   Type           Power      Damage    Failure   Level
 Freeze                   Ice            64%        1d7       4%          1
 Ensorcelled Hibernation  Hex/Ice        18%        N/A       19%         2
 Hailstorm                Conj/Ice       9%         3d4       34%         3
 Dazzling Flash           Conj/Hex       4%         N/A       71%         3
 Inner Flame              Hex/Fire       2%         N/A       71%         3
 Spider Form              Tmut/Pois      2%         N/A       71%         3
 Anguish                  Hex/Necr       1%         N/A       98%         4
 Summon Lightning Spire   Summ/Air       2%         N/A       98%         4
 Silence                  Hex/Air        1%         N/A       100%        5
 Yara's Violent Unravell  Hex/Tmut       1%         3d3       100%        5
 Enfeeble                 Hex            1%         N/A       100%        7
 Storm Form               Tmut/Air       1%         N/A       100%        7
 Maxwell's Capacitive Co  Air            1%         ∞         100%        8


Dungeon Overview and Level Annotations

Branches:
Dungeon (13/15)            Temple (1/1) D:4            Lair (0/5) D:11
    Orc (0/2) D:9
 Vaults: D:13-14

Altars:
Ashenzari
Cheibriados
Dithmenos
Fedhas
Gozag
Hepliaklqana
Kikubaaqudgha
Makhleb
Nemelex Xobeh
Okawaru
Qazlal
Ru
Sif Muna
Trog
Uskayaw
Vehumet
Wu Jian
Xom

Shops:
D:4 =

Annotations:
D:7 2 runed translucent doors, Zeus21348's ghost, novice HOFi
D:9 1 runed translucent door, Persimmon's ghost, journeyman DECj


Innate Abilities, Weirdness & Mutations

You have hooves in place of feet.
You are mostly covered in thin metallic scales. (AC +3)
A weak demonic guardian rushes to your aid.
You sometimes gain power by taking damage.
You have a pair of small antennae on your head.
Your muscles are strong. (Str +4, Int/Dex -1)
You expend magic power (3 MP) to strengthen your wands.


Message History

Okay, then.
The centaur wields a +0 shortbow.
The centaur shoots an arrow.
The arrow hits your quasit!
Your quasit bites the skeletal warrior but does no damage.
Your quasit claws the skeletal warrior but does no damage. x2
The skeletal warrior hits you but does no damage.
The skeletal warrior hits your quasit with a +0 war axe.
Unknown command.
Unknown command.
Unknown command.
The two-headed ogre attacks as you move away!
The two-headed ogre barely misses you.
The two-headed ogre hits you with a +0 giant spiked club.
* * * LOW HITPOINT WARNING * * *
The centaur shoots an arrow.
The arrow closely misses your quasit.
The arrow hits the skeletal warrior.
Your quasit barely misses the skeletal warrior. x2
Your quasit closely misses the skeletal warrior.
Unknown command.
Unknown command.
A centaur comes into view.
An ogre mage comes into view. It is wielding a +0 flail.
Unknown command.
Okay, then.
A centaur warrior skeleton comes into view.
Your quasit bites the skeletal warrior but does no damage.
Your quasit completely misses the skeletal warrior.
Your quasit claws the skeletal warrior but does no damage.
The ogre mage hits your quasit with a +0 flail!
Your quasit dies!
Your quasit disappears in a puff of smoke!
Unknown command.
Unknown command.
Unknown command.
Unknown command.
There is an open door here.
Unknown command.
The skeletal warrior attacks as you move away!
The skeletal warrior hits you with a +0 war axe!
You die...

. #. ##. #####
#.#..#.# #...#
##.#..#O## #...#
........{ #...#
##.#..#.#####...#
........OO..Z...#
........c.Zc..O.#
##.#..#.#####.z.#
.........Z# ###@##
##.#..#.##..#....#
# #..#Z# .##...#
#. ##. ##...+ #. .
#...# #
########...#.....#
...........#.....#
...........#.....#
....###)####.....#


You could see a skeletal warrior, 2 two-headed ogres, an ogre mage, a centaur
and 2 centaur warrior skeletons.

Vanquished Creatures
  Snorg (D:11)
  A two-headed ogre (D:13)
  Urug (D:10)
  2 deep elf pyromancers
  2 cyclopes
  2 centaur skeletons (D:13)
  Joseph (D:9)
  An unseen horror (D:10)
  Maggie (D:10)
  A komodo dragon (D:12)
  4 trolls
  2 shadows
  A centaur simulacrum (D:9)
  6 wyverns
  A wraith (D:10)
  2 steam dragons
  3 vampire mosquitoes (D:11)
  5 water moccasins
  An acid dragon (D:9)
  5 orc warriors
  A black bear (D:4)
  5 ogres
  A sky beast (D:8)
  A wolf (D:11)
  5 centaurs
  A phantom (D:6)
  5 kobold brigands
  2 bullfrogs
  2 gnoll sergeants (D:9)
  A scorpion (D:4)
  3 killer bees (D:9)
  5 howler monkeys
  8 hounds
  7 jellies
  6 orc priests
  A sleepcap (D:8)
  Ijyb (D:5)
  4 iguanas
  Natasha (thrice) (D:3)
  7 orc wizards
  10 gnolls
  6 adders
  A shadow imp (D:6)
  3 white imps
  A worm (D:2)
  A dart slug (D:8)
  32 orcs
  9 ball pythons
  5 bats
  6 endoplasms
  3 giant cockroaches
  5 goblins
  2 hobgoblins
  11 jackals (D:2)
  22 kobolds
  A quokka (D:4)
  7 rats
237 creatures vanquished.

Vanquished Creatures (collateral kills)
  An orc warrior (D:9)
  A hound (D:11)
  A kobold (D:9)
3 creatures vanquished.

Grand Total: 240 creatures vanquished

Notes
Turn   | Place    | Note
-------+----------+-------------------------------------------
     0 | D:5      | Amplified the Demonspawn Delver began the quest for the
                  | Orb.
     0 | D:5      | Reached XP level 1. HP: 18/18 MP: 1/1
    22 | D:5      | Noticed an iguana
    37 | D:5      | Noticed a wyvern
   121 | D:4      | Found a staircase to the Ecumenical Temple.
   124 | D:4      | Found Duedizodwuc's Jewellery Shoppe.
   145 | Temple   | Entered the Ecumenical Temple
   282 | D:3      | Noticed Natasha
   327 | D:1      | Reached skill level 1 in Armour
   327 | D:1      | Gained mutation: You sometimes gain a little power by
                  | taking damage. [demonic ancestry]
   327 | D:1      | Reached XP level 2. HP: 24/24 MP: 2/2
   706 | D:1      | Gained mutation: You have large cloven feet. [demonic
                  | ancestry]
   706 | D:1      | Reached XP level 3. HP: 29/29 MP: 3/3
  1192 | D:1      | Identified a scroll of acquirement
  1192 | D:1      | Acquired a +1 double sword of protection
  1592 | D:2      | Reached skill level 2 in Long Blades
  1649 | D:2      | Gained mutation: A weak demonic guardian rushes to your
                  | aid. [demonic ancestry]
  1649 | D:2      | Reached XP level 4. HP: 23/37 MP: 4/4
  2488 | D:3      | Found an opulent altar of Gozag.
  2581 | D:3      | Found a stormy altar of Qazlal.
  2606 | D:3      | Found a hide-covered altar of Uskayaw.
  2653 | D:3      | Killed Natasha
  2654 | D:3      | Gained mutation: You have hoof-like feet. [demonic
                  | ancestry]
  2654 | D:3      | Reached XP level 5. HP: 42/42 MP: 5/5
  2686 | D:3      | Noticed Natasha
  2691 | D:3      | Killed Natasha
  2692 | D:3      | Reached skill level 3 in Long Blades
  2777 | D:3      | Noticed Natasha
  2782 | D:3      | Killed Natasha
  3278 | D:4      | Reached XP level 6. HP: 42/49 MP: 6/6
  3337 | D:4      | Reached skill level 4 in Long Blades
  3355 | D:4      | Reached skill level 5 in Fighting
  3857 | D:5      | Gained mutation: You are partially covered in thin metallic
                  | scales. (AC +2) [demonic ancestry]
  3857 | D:5      | Reached XP level 7. HP: 56/56 MP: 7/7
  4119 | D:5      | Killed a wyvern
  4259 | D:5      | Reached skill level 5 in Long Blades
  4606 | D:5      | Noticed Ijyb
  4608 | D:5      | Gained mutation: You sometimes gain power by taking damage.
                  | [demonic ancestry]
  4608 | D:5      | Reached XP level 8. HP: 33/64 MP: 8/8
  4610 | D:5      | Killed Ijyb
  4674 | D:6      | Reached skill level 6 in Long Blades
  4858 | D:6      | Found a shimmering blue altar of Sif Muna.
  5098 | D:6      | Found a broken altar of Ashenzari.
  5133 | D:6      | Reached skill level 5 in Armour
  5175 | D:6      | Reached skill level 7 in Long Blades
  5371 | D:6      | Found a blossoming altar of Fedhas.
  5668 | D:6      | Became a worshipper of Sif Muna the Loreminder
  5673 | D:6      | Learned a level 3 spell: Frozen Ramparts
  5722 | D:7      | Reached skill level 1 in Invocations
  5722 | D:7      | Gained mutation: You are mostly covered in thin metallic
                  | scales. (AC +3) [demonic ancestry]
  5722 | D:7      | Reached XP level 9. HP: 61/71 MP: 8/10
  5857 | D:7      | Found a large runed translucent door.
  5857 | D:7      | Found a large runed translucent door.
  5861 | D:7      | Noticed Zeus21348's ghost (novice HOFi)
  5906 | D:7      | Noticed a deep elf pyromancer
  6587 | D:7      | Found a sacrificial altar of Ru.
  6621 | D:8      | Found a snail-covered altar of Cheibriados.
  6649 | D:7      | Killed a deep elf pyromancer
  6650 | D:7      | Reached skill level 1 in Ice Magic
  7113 | D:7      | Learned a level 5 spell: Agony
  7228 | D:8      | Reached skill level 8 in Long Blades
  7472 | D:8      | Noticed a two-headed ogre
  7472 | D:8      | Noticed a manticore
  7475 | D:8      | Reached skill level 5 in Invocations
  7549 | D:9      | Noticed Joseph
  7592 | D:9      | HP: 3/72 [Joseph/sling bullet (13)]
  7593 | D:9      | Gained mutation: You expend magic power (3 MP) to
                  | strengthen your wands. [potion of mutation]
  7593 | D:9      | Gained mutation: Your muscles are strong. (Str +4, Int/Dex
                  | -1) [potion of mutation]
  7593 | D:9      | Gained mutation: You have a pair of small antennae on your
                  | head. [potion of mutation]
  7601 | D:9      | Killed Joseph
  7804 | D:9      | Found a staircase to the Orcish Mines.
  7804 | D:9      | Noticed a troll
  8267 | D:8      | Gained mutation: You have hooves in place of feet. [demonic
                  | ancestry]
  8267 | D:8      | Reached XP level 10. HP: 73/79 MP: 14/14
  8555 | D:8      | Reached * piety under Sif Muna
  9119 | D:9      | Reached ** piety under Sif Muna
  9583 | D:9      | Reached skill level 9 in Long Blades
  9744 | D:9      | Found a runed translucent door.
  9746 | D:9      | Found a shimmering altar of Xom.
  9746 | D:9      | Noticed Persimmon's ghost (journeyman DECj)
  9747 | D:9      | Noticed a +2 flail of chaos
  9827 | D:9      | Found a burning altar of Makhleb.
  9830 | D:9      | Found a radiant altar of Vehumet.
 10002 | D:10     | Entered Level 10 of the Dungeon
 10018 | D:10     | Noticed Maggie
 10023 | D:10     | Killed Maggie
 10330 | D:10     | Noticed a centaur warrior
 10331 | D:10     | Noticed a centaur warrior
 10332 | D:10     | Noticed an entropy weaver
 10334 | D:10     | Noticed a purple ugly thing
 10336 | D:10     | Noticed a skeletal warrior
 10337 | D:10     | Noticed a centaur warrior
 10592 | D:10     | Reached skill level 5 in Ice Magic
 10963 | D:10     | Noticed Urug
 11085 | D:10     | Killed Urug
 11086 | D:10     | Reached XP level 11. HP: 72/86 MP: 17/17
 11571 | D:11     | Found a staircase to the Lair.
 11998 | D:11     | Noticed Snorg
 12013 | D:11     | Killed Snorg
 12014 | D:11     | Reached skill level 1 in Spellcasting
 12296 | D:11     | Reached *** piety under Sif Muna
 13260 | D:12     | Identified the +3 rapier of Hafuaghu {flame, rF- Str+5
                  | Int+8}
 13543 | D:13     | Noticed a deep elf pyromancer
 13549 | D:13     | Killed a deep elf pyromancer
 13700 | D:13     | Reached skill level 10 in Long Blades
 14083 | D:12     | Noticed a green ugly thing
 14097 | D:12     | Noticed a boulder beetle
 14351 | D:13     | Noticed a two-headed ogre
 14382 | D:13     | Killed a two-headed ogre
 14401 | D:13     | Noticed a skeletal warrior
 14401 | D:13     | Noticed a two-headed ogre
 14402 | D:13     | Noticed a two-headed ogre
 14405 | D:13     | Noticed an ogre mage
 14411 | D:13     | Slain by a skeletal warrior

Illustrated notes

Levels and vault maps discovered:
D:1:      scummos_arrival_forest, layout_basic, dk_noncrumbling_4
D:2:      layout_loops_ring
D:3:      layout_rooms, lemuel_tele_altar, grunt_gozag_breadcrumbs,
          mainiacjoe_overflow_six_doors_small, uniq_natasha
D:4:      layout_layer_cave, minmay_temple_entry_offerings, serial_shops, shop,
          chequers_avenue
D:5:      layout_basic, kennysheep_ying_yang, minmay_chambers_of_fives,
          uniq_ijyb
D:6:      layout_basic, lemuel_round_altar, mainiacjoe_overflow_catwalk,
          evilmike_ruin_ashenzari
D:7:      layout_basic, nicolae_ru_awakened_eye, ebering_ghost_disaster_area
D:8:      nzn_winding_woodlands_three_and_one
          [nzn_winding_woodlands_5x15_garden, nzn_winding_woodlands_5x15_jagged,
          nzn_winding_woodlands_5x15_river_crossing,
          nzn_winding_woodlands_center_garden], layout_basic,
          kennysheep_slug_shrine
D:9:      layout_long_grid, grunt_temple_overflow_diamond,
          kennysheep_orc_monster_closet_entryway, ebering_ghost_xom,
          chequers_decorated_corner, nicolae_titane, uniq_joseph
D:10:     layout_cave_pods, onia_ninara_dug_in_and_dangerous, uniq_urug,
          uniq_maggie
D:11:     layout_layer_cave, erik_lair_island, uniq_snorg
D:12:     nicolae_hitomezashi [nicolae_hito_row, nicolae_hito_row,
          nicolae_hito_row, nicolae_hito_row, nicolae_hito_row,
          nicolae_hito_row, nicolae_hito_row, nicolae_hito_row,
          nicolae_hito_row, nicolae_hito_row, nicolae_hito_row,
          nicolae_hito_row, nicolae_hito_row, nicolae_hito_row,
          nicolae_hito_row, nicolae_hito_row, nicolae_hito_row,
          nicolae_hito_row], layout_basic
D:13:     layout_stronghold, hangedman_vaults_entry_quadrant_bands
Temple:   kb_temple_of_zot

Skill      XL: |  1  2  3  4  5  6  7  8  9 10 11 |
---------------+----------------------------------+-----
Armour         | 1 2 3 4 5 6 7 |  7.3
Long Blades    | 2 3 4 5 7 8 9 10 | 10.2
Fighting       | 4 5 6 7 8 |  8.7
Invocations    | 1 5 8 9 |  9.9
Ice Magic      | 3 5 |  5.3
Spellcasting   | 3 |  3.3
Dodging        | |  1.7
Stealth        | |  4.5

Action                     |  1- 3 |  4- 6 |  7- 9 | 10-12 || total
---------------------------+-------+-------+-------+-------++-------
  Melee: Falchion          |    39 |       |       |       ||    39
         Double sword      |    41 |    90 |   181 |   244 ||   556
         Kick              |    11 |    20 |    40 |    80 ||   151
         Short sword       |     9 |       |       |       ||     9
         Punch             |       |     2 |     1 |     3 ||     6
  Throw: Dart              |     4 |    12 |     9 |     9 ||    34
         Throwing net      |       |       |       |     1 ||     1
  Evoke: Wand              |       |       |    19 |    17 ||    36
    Use: Scroll            |     8 |     6 |    16 |     5 ||    35
         Potion            |     2 |     2 |     6 |     7 ||    17
   Stab: Sleeping          |    11 |     4 |     7 |       ||    22
         Invisible         |     2 |       |       |       ||     2
         Paralysed         |       |       |     9 |     3 ||    12
         Held in net/web   |       |       |       |     3 ||     3
         Distracted        |       |       |       |     1 ||     1
 Armour: Leather armour    |    36 |    22 |    45 |       ||   103
         Skin              |       |     1 |    10 |     1 ||    12
         Ring mail         |       |       |     6 |   165 ||   171
  Dodge: Dodged            |    88 |    65 |    94 |   155 ||   402
